3L
TOLEDO STINGERS @ CAPITAL DISTRICT RED KNIGHTS
06/05/2028
 
TOP OF THE 1ST
Toledo Stingers batting - Pitching for Capital District Red Knights : LHP Luis Peña
Pitching: LHP Luis Peña
Batting: LHB Chris West 0-0: Swinging Strike
0-1: Swinging Strike
0-2: Foul Ball, location: 2F
0-2: Strikes out swinging
Batting: RHB Alfredo Martínez 0-0: Swinging Strike
0-1: Ball
1-1: Foul Ball, location: 2F
1-2: Fly out, F4 (Line Drive, 4)
Batting: LHB Jorge Flores 0-0: Ground out 4-3 (Groundball, 4M)
Top of the 1st over - 0 run(s), 0 hit(s), 0 error(s), 0 left on base; Toledo 0 - Capital District 0
BOTTOM OF THE 1ST
Capital District Red Knights batting - Pitching for Toledo Stingers : RHP Brad Cunnick
Pitching: RHP Brad Cunnick
Batting: RHB Mario Álvarez 0-0: Ball
1-0: Ground out 4-3 (Groundball, 4M)
Batting: LHB William O'Keefe 0-0: Foul Ball, location: 2F
0-1: Ball
1-1: Fly out, F4 (Popup, 34)
Batting: RHB Sergio Ortíz 0-0: Ball
1-0: Ball
2-0: Ball
3-0: Called Strike
3-1: Foul Ball, location: 2F
3-2: Foul Ball, location: 2F
3-2: Base on Balls
Batting: RHB Pedro Álvarez 0-0: Called Strike
0-1: Fielders Choice at 2nd, 5-4 (Groundball, 5)
Bottom of the 1st over - 0 run(s), 0 hit(s), 0 error(s), 0 left on base; Toledo 0 - Capital District 0
TOP OF THE 2ND
Toledo Stingers batting - Pitching for Capital District Red Knights : LHP Luis Peña
Batting: SHB Leonard O'Connor 0-0: Called Strike
0-1: Foul Ball, location: 2F
0-2: Strikes out swinging
Batting: RHB Francis Kelly 0-0: DOUBLE (Flyball, 78XD)
Batting: RHB Meka Knight 0-0: Swinging Strike
0-1: Ball
1-1: Ball
2-1: Swinging Strike
2-2: Strikes out swinging
Batting: RHB Isaac Downey 0-0: Called Strike
0-1: Ball
1-1: Swinging Strike
1-2: Strikes out swinging
Top of the 2nd over - 0 run(s), 1 hit(s), 0 error(s), 1 left on base; Toledo 0 - Capital District 0
BOTTOM OF THE 2ND
Capital District Red Knights batting - Pitching for Toledo Stingers : RHP Brad Cunnick
Batting: LHB Francisco Sánchez 0-0: Ball
1-0: Called Strike
1-1: Ball
2-1: Ball
3-1: Base on Balls
Batting: RHB José Paz 0-0: Ground out 5-3 (Groundball, 56S)
Francisco Sánchez to second
Batting: RHB Danilo Mosca 0-0: Ball
1-0: Called Strike
1-1: Ball
2-1: Ball
3-1: Fly out, F8 (Flyball, 8RM)
Batting: RHB Alfonso Enríquez 0-0: Called Strike
0-1: Ball
1-1: Ball
2-1: Called Strike
2-2: Ball
3-2: Foul Ball, location: 2F
3-2: Base on Balls
Batting: RHB Leo Cadden 0-0: Ball
1-0: Ball
2-0: Ground out 6-3 (Groundball, 6S)
Bottom of the 2nd over - 0 run(s), 0 hit(s), 0 error(s), 2 left on base; Toledo 0 - Capital District 0
TOP OF THE 3RD
Toledo Stingers batting - Pitching for Capital District Red Knights : LHP Luis Peña
Batting: RHB Juan Ramos 0-0: Ball
1-0: Ball
2-0: Swinging Strike
2-1: Foul Ball, location: 2F
2-2: Foul Ball, location: 2F
2-2: Ball
3-2: Base on Balls
Batting: LHB Locke Lamora 0-0: Ball
1-0: Ball
2-0: Ball
3-0: Called Strike
3-1: Called Strike
3-2: Fielders Choice at 2nd, 6-4 (Groundball, 6)
Batting: LHB Chris West 0-0: Ball
1-0: Called Strike
1-1: Ball
2-1: Foul Ball, location: 2F
2-2: Ground out 6-3 (Groundball, 6S)
Locke Lamora to second
Batting: RHB Alfredo Martínez 0-0: Ball
1-0: Fly out, F8 (Flyball, 8RM)
Top of the 3rd over - 0 run(s), 0 hit(s), 0 error(s), 1 left on base; Toledo 0 - Capital District 0
BOTTOM OF THE 3RD
Capital District Red Knights batting - Pitching for Toledo Stingers : RHP Brad Cunnick
Batting: RHB Mario Álvarez 0-0: Ground out 3-1 (Groundball, 34)
Batting: LHB William O'Keefe 0-0: Ball
1-0: Ball
2-0: Ball
3-0: Base on Balls
Batting: RHB Sergio Ortíz 0-0: Ball
1-0: Fly out, F5 (Popup, 5S)
Batting: RHB Pedro Álvarez 0-0: Called Strike
0-1: Foul Ball, location: 2F
0-2: Fly out, F3 (Popup, 3S)
Bottom of the 3rd over - 0 run(s), 0 hit(s), 0 error(s), 1 left on base; Toledo 0 - Capital District 0
TOP OF THE 4TH
Toledo Stingers batting - Pitching for Capital District Red Knights : LHP Luis Peña
Batting: LHB Jorge Flores 0-0: Called Strike
0-1: Ball
1-1: Ground out 6-3 (Groundball, 6D)
Batting: SHB Leonard O'Connor 0-0: Called Strike
0-1: Ball
1-1: Foul Ball, location: 2F
1-2: Ball
2-2: Ball
3-2: Foul Ball, location: 2F
3-2: Reached on error, E6 (Groundball, 6)
Batting: RHB Francis Kelly 0-0: Called Strike
0-1: Ball
1-1: Ball
2-1: Ball
3-1: Foul Ball, location: 2F
3-2: Grounds into double play, 4-6-3 (Groundball, 4)
Top of the 4th over - 0 run(s), 0 hit(s), 1 error(s), 0 left on base; Toledo 0 - Capital District 0
BOTTOM OF THE 4TH
Capital District Red Knights batting - Pitching for Toledo Stingers : RHP Brad Cunnick
Batting: LHB Francisco Sánchez 0-0: Ball
1-0: Ball
2-0: Ball
3-0: Base on Balls
Batting: RHB José Paz 0-0: Foul Ball, location: 2F
0-1: Foul Ball, location: 2F
0-2: Grounds into double play, 6-4-3 (Groundball, 6)
Batting: RHB Danilo Mosca 0-0: Fly out, F8 (Flyball, 8RD)
Bottom of the 4th over - 0 run(s), 0 hit(s), 0 error(s), 0 left on base; Toledo 0 - Capital District 0
TOP OF THE 5TH
Toledo Stingers batting - Pitching for Capital District Red Knights : LHP Luis Peña
Batting: RHB Meka Knight 0-0: Fly out, F7 (Flyball, 7D)
Batting: RHB Isaac Downey 0-0: Ball
1-0: Foul Ball, location: 2F
1-1: Foul Ball, location: 2F
1-2: Ball
2-2: Ball
3-2: Strikes out swinging
Batting: RHB Juan Ramos 0-0: Ball
1-0: Ball
2-0: Ball
3-0: Base on Balls
Batting: LHB Locke Lamora 0-0: Ball
1-0: Swinging Strike
1-1: Ball
2-1: Called Strike
2-2: Strikes out swinging
Top of the 5th over - 0 run(s), 0 hit(s), 0 error(s), 1 left on base; Toledo 0 - Capital District 0
BOTTOM OF THE 5TH
Capital District Red Knights batting - Pitching for Toledo Stingers : RHP Brad Cunnick
Batting: RHB Alfonso Enríquez 0-0: Called Strike
0-1: Ball
1-1: Ball
2-1: Called Strike
2-2: Strikes out looking
Batting: RHB Leo Cadden 0-0: Ball
1-0: Ball
2-0: Swinging Strike
2-1: Ball
3-1: Foul Ball, location: 2F
3-2: SINGLE (Line Drive, 8LS)
Batting: RHB Mario Álvarez 0-0: Ball
Leo Cadden is caught stealing 2nd base
1-0: Swinging Strike
1-1: Ball
2-1: Fly out, F7 (Flyball, 7)
Bottom of the 5th over - 0 run(s), 1 hit(s), 0 error(s), 0 left on base; Toledo 0 - Capital District 0
TOP OF THE 6TH
Toledo Stingers batting - Pitching for Capital District Red Knights : LHP Luis Peña
Batting: LHB Chris West 0-0: Swinging Strike
0-1: Called Strike
0-2: Strikes out looking
Batting: RHB Alfredo Martínez 0-0: Ball
1-0: Ball
2-0: Called Strike
2-1: DOUBLE (Line Drive, 78D)
Batting: LHB Jorge Flores 0-0: Called Strike
0-1: Ball
1-1: Foul Ball, location: 2F
1-2: Strikes out swinging
Batting: SHB Leonard O'Connor 0-0: Ball
1-0: Called Strike
1-1: SINGLE (Flyball, 78S) - OUT at second base trying to stretch hit.
Alfredo Martínez scores
Top of the 6th over - 1 run(s), 2 hit(s), 0 error(s), 0 left on base; Toledo 1 - Capital District 0
BOTTOM OF THE 6TH
Capital District Red Knights batting - Pitching for Toledo Stingers : RHP Brad Cunnick
Batting: LHB William O'Keefe 0-0: Fly out, F8 (Flyball, 8LS)
Batting: RHB Sergio Ortíz 0-0: Called Strike
0-1: Ball
1-1: Ball
2-1: Ball
3-1: Base on Balls
Batting: RHB Pedro Álvarez 0-0: Called Strike
0-1: Ball
1-1: Called Strike
1-2: Foul Ball, location: 2F
1-2: SINGLE (Groundball, 56D)
Sergio Ortíz to second
Batting: LHB Francisco Sánchez 0-0: Called Strike
0-1: Foul Ball, location: 2F
0-2: Ball
1-2: Grounds into double play, 4-6-3 (Groundball, 4)
Bottom of the 6th over - 0 run(s), 1 hit(s), 0 error(s), 1 left on base; Toledo 1 - Capital District 0
TOP OF THE 7TH
Toledo Stingers batting - Pitching for Capital District Red Knights : LHP Luis Peña
Batting: RHB Francis Kelly 0-0: Ball
1-0: Ball
2-0: Reached on error, E1 (Groundball, 13S)
Batting: RHB Meka Knight 0-0: Bunted foul
0-1: Ball
1-1: Sac Bunt - play at first, batter OUT! 5-4
Francis Kelly to second
Pinch Hitting: RHB Jack Burton 0-0: Ball
1-0: Called Strike
1-1: Swinging Strike
1-2: Foul Ball, location: 2F
1-2: Foul Ball, location: 2F
1-2: Strikes out swinging
Batting: RHB Juan Ramos 0-0: Foul Ball, location: 2F
0-1: Ball
1-1: Called Strike
1-2: Foul Ball, location: 2F
1-2: Strikes out swinging
Top of the 7th over - 0 run(s), 0 hit(s), 1 error(s), 1 left on base; Toledo 1 - Capital District 0
BOTTOM OF THE 7TH
Capital District Red Knights batting - Pitching for Toledo Stingers : RHP Brad Cunnick
Now at 3B: Ken Little
Batting: RHB José Paz 0-0: Called Strike
0-1: Foul Ball, location: 2F
0-2: Fly out, F9 (Flyball, 9D)
Batting: RHB Danilo Mosca 0-0: Ball
1-0: Swinging Strike
1-1: Ball
2-1: Foul Ball, location: 2F
2-2: Ground out 5-3 (Groundball, 56S)
Batting: RHB Alfonso Enríquez 0-0: Foul Ball, location: 2F
0-1: Called Strike
0-2: SINGLE (Groundball, 6MD)
Batting: RHB Leo Cadden 0-0: Swinging Strike
0-1: Ball
1-1: Foul Ball, location: 2F
1-2: Strikes out swinging
Bottom of the 7th over - 0 run(s), 1 hit(s), 0 error(s), 1 left on base; Toledo 1 - Capital District 0
TOP OF THE 8TH
Toledo Stingers batting - Pitching for Capital District Red Knights : LHP Luis Peña
Batting: LHB Locke Lamora 0-0: Foul Ball, location: 2F
0-1: Ball
1-1: Ground out 3-1 (Groundball, 34)
Batting: LHB Chris West 0-0: Swinging Strike
0-1: Called Strike
0-2: Foul Ball, location: 2F
0-2: Strikes out swinging
Batting: RHB Alfredo Martínez 0-0: Ball
1-0: Ground out 6-3 (Groundball, 6)
Top of the 8th over - 0 run(s), 0 hit(s), 0 error(s), 0 left on base; Toledo 1 - Capital District 0
BOTTOM OF THE 8TH
Capital District Red Knights batting - Pitching for Toledo Stingers : RHP Brad Cunnick
Batting: RHB Mario Álvarez 0-0: SINGLE (Line Drive, 4D)
Batting: LHB William O'Keefe 0-0: Ball
1-0: Ball
2-0: Bunted foul
2-1: Bunt missed!
2-2: Fly out, F9 (Flyball, 9)
Batting: RHB Sergio Ortíz 0-0: Ball
1-0: Called Strike
1-1: Ball
2-1: Foul Ball, location: 2F
2-2: Ground out 4-3 (Groundball, 4S)
Mario Álvarez to second
Batting: RHB Pedro Álvarez 0-0: Called Strike
0-1: Fly out, F9 (Flyball, 9)
Bottom of the 8th over - 0 run(s), 1 hit(s), 0 error(s), 1 left on base; Toledo 1 - Capital District 0
TOP OF THE 9TH
Toledo Stingers batting - Pitching for Capital District Red Knights : LHP Luis Peña
Batting: LHB Jorge Flores 0-0: Ball
1-0: Ball
2-0: Swinging Strike
2-1: Swinging Strike
2-2: Foul Ball, location: 2F
2-2: Ball
3-2: Strikes out swinging
Batting: SHB Leonard O'Connor 0-0: Ball
1-0: Called Strike
1-1: Fly out, F7 (Flyball, 7D)
Batting: RHB Francis Kelly 0-0: Ground out 5-3 (Groundball, 25)
Top of the 9th over - 0 run(s), 0 hit(s), 0 error(s), 0 left on base; Toledo 1 - Capital District 0
BOTTOM OF THE 9TH
Capital District Red Knights batting - Pitching for Toledo Stingers : RHP Brad Cunnick
Batting: LHB Francisco Sánchez 0-0: Ball
1-0: Ball
2-0: Ball
3-0: Called Strike
3-1: Base on Balls
Batting: RHB José Paz 0-0: Sac Bunt - play at first, batter OUT! 2-3
Francisco Sánchez to second
Batting: RHB Danilo Mosca 0-0: Ball
1-0: Called Strike
1-1: Foul Ball, location: 2F
1-2: Ball
2-2: Ball
3-2: Foul Ball, location: 2F
3-2: Base on Balls
Pitching: RHP Joshua Barnes
Pinch Hitting: RHB Arnold Giroux 0-0: Foul Ball, location: 2F
0-1: Swinging Strike
0-2: Ball
1-2: Ground out 5-3 (Groundball, 25)
Francisco Sánchez to third
Danilo Mosca to second
Pinch Hitting: RHB Barry Dempsey 0-0: Ball
1-0: Ball
2-0: Called Strike
2-1: Fly out, F8 (Flyball, 89M)
Bottom of the 9th over - 0 run(s), 0 hit(s), 0 error(s), 2 left on base; Toledo 1 - Capital District 0
Tuesday, July 18th, 2017 - OOTP Baseball 17.12 Build 75